 Dungeon Crawl Stone Soup version 0.31.0-12-g77e489cdc1 (webtiles) character file.

Game seed: 17104190555717407678

83322 Gadfly the Bringer of Light (level 15, -3/66 HPs)
             Began as a Gargoyle Fighter on Mar 2, 2024.
             Was the Champion of the Shining One.
             Slain by a sixfirhy (9 damage)
             ... on level 4 of the Abyss.
             The game lasted 00:40:50 (16438 turns).

Gadfly the Bringer of Light (Gargoyle Fighter)     Turns: 16438, Time: 00:40:50

Health: -3/66      AC: 37    Str: 30 (32) XL:     15   Next: 76%
Magic:  23/23      EV: 11    Int:  5 (6)  God:    the Shining One [******]
Gold:   1503       SH: 12    Dex:  7      Spells: 12/14 levels left

rFire   x x .        a - +3 morningstar (venom)
rCold   . . .        f - +2 kite shield
rNeg    + + +        x - +0 plate armour
rPois   ∞            h - +2 hat
rElec   +            m - +2 cloak
rCorr   +            u - +2 pair of gloves of the Gravedigger {Regen+ rCorr Int-4 SInv}
SInv    +            s - +2 pair of slick slippers {slick, slippery, EV+4}
Will    ++...        J - amulet of regeneration Stlth
                     t - +6 ring of strength
HPRegen 1.91/turn    e - +6 ring of strength
MPRegen 0.18/turn

%: clarity
@: about to teleport, flying, glowing
A: sickness immunity, AC +11, big wings, negative energy resistance 1,
electricity resistance, torment resistance 1, petrification resistance, clarity,
strong-willed 1, evolution 1, [berserk 2], [clumsy 2], [deterioration 2], [frail
3], [low MP 1], screaming 1[+1], ([teleportitis 2]), [weak 2], [heat
vulnerability 2], [inability to drink after injury 2], [persistent drain]
a: Renounce Religion, Divine Shield, Cleansing Flame, Summon Divine Warrior,
Brand Weapon With Holy Wrath


You were on level 4 of the Abyss.
You worshipped the Shining One.
The Shining One was exalted by your worship.
You visited 5 branches of the dungeon, and saw 18 of its levels.
You visited the Abyss 1 time.

You collected 1859 gold pieces.
You spent 308 gold pieces at shops.
You donated 48 gold pieces to Zin.

Inventory:

Hand Weapons
 a - a +3 morningstar of venom (weapon)
 b - a +2 flail of protection
 g - a +4 scimitar of flaming
 q - a +0 morningstar
Armour
 f - a +2 kite shield (worn)
 h - a +2 hat (worn)
 m - a +2 cloak (worn)
 s - the +2 pair of slick slippers (worn) {slick, slippery, EV+4}
   (You acquired it on level 4 of the Dungeon)

   Slick:     Its wearer cannot be constricted, engulfed, netted or webbed.
   Slippery:  Its wearer slips away from damaging melee attacks, pulling the
   attacker onward.
   EV+4:      It affects your evasion (+4).
 u - the +2 pair of gloves of the Gravedigger (worn) {Regen+ rCorr Int-4 SInv}
   (You bought it in a shop on level 6 of the Dungeon)

   Int-4:     It affects your intelligence (-4).
   SInv:      It lets you see invisible.
   Regen+:    It increases your rate of health regeneration.
   rCorr:     It protects you from acid and corrosion.
 x - a +0 plate armour (worn)
Jewellery
 e - a +6 ring of strength (right hand)
 k - a +5 ring of evasion
 t - a +6 ring of strength (left hand)
 B - a ring of protection from cold
 J - an amulet of regeneration (around neck)
Wands
 l - a wand of iceblast (4)
 o - a wand of charming (3)
 p - a wand of light (11) (quivered)
 D - a wand of mindburst (11)
 L - a wand of flame (18)
Scrolls
 r - 4 scrolls of enchant armour
 w - a scroll of brand weapon
 z - 3 scrolls of poison
 A - 3 scrolls of fear
 H - a scroll of silence
 M - a scroll of vulnerability
 N - a scroll of identify
Potions
 c - a potion of lignification
 d - a potion of might
 i - 6 potions of attraction
 j - a potion of mutation
 n - a potion of berserk rage
 C - a potion of curing
 E - a potion of haste
 F - a potion of cancellation
 I - 2 potions of enlightenment


   Skills:
 + Level 11.2 Fighting
 * Level 13.3 Maces & Flails
 + Level 10.8 Armour
 + Level 10.8 Shields
 * Level 14.4 Invocations
 * Level 12.2 Evocations


You had 12 spell levels left.
You knew the following spells:

 Your Spells              Type           Power      Damage    Failure   Level
a - Blink                 Tloc           0%         N/A       100%        2

Your spell library contained the following spells:

 Spells                   Type           Power      Damage    Failure   Level
 Foxfire                  Conj/Fire      0%         2x1d4     99%         1
 Freeze                   Ice            0%         1d3       99%         1
 Jinxbite                 Hex            0%         N/A       100%        2
 Mercury Vapours          Alch/Air       0%         N/A       100%        2
 Frozen Ramparts          Ice            0%         1d1       100%        3
 Hailstorm                Conj/Ice       0%         3d5       100%        3
 Mephitic Cloud           Conj/Alch/Air  0%         N/A       100%        3
 Volatile Blastmotes      Fire/Tloc      0%         2d10      100%        3
 Vhi's Electric Charge    Tloc/Air       0%         N/A       100%        4
 Freezing Cloud           Conj/Ice/Air   0%         6-21      100%        5
 Silence                  Hex/Air        0%         N/A       100%        5
 Summon Mana Viper        Hex/Summ       0%         N/A       100%        5
 Plasma Beam              Fire/Air       0%         2x1d10    100%        6
 Starburst                Conj/Fire      0%         6d3       100%        6


Dungeon Overview and Level Annotations

Branches:
Dungeon (9/15)             Temple (1/1) D:6            Lair (5/5) D:8
 Shoals (1/4) Lair:2        Snake (0/4) Lair:3        Slime (0/5) Lair:4
    Orc (2/2) D:9             Elf (0/3) Orc:2

Altars:
Ashenzari
Cheibriados
Dithmenos
Elyvilon
Fedhas
Hepliaklqana
Kikubaaqudgha
Makhleb
Nemelex Xobeh
Okawaru
Qazlal
Ru
Sif Muna
Trog
Uskayaw
Vehumet
Wu Jian
Xom
Zin
The Shining One

Shops:
D:3 [   D:5 =   D:6 [   D:9 (   Orc:1 =   Orc:2 !:((

Annotations:
Lair:5 2 transporters, Zeo's ghost, journeyman KoBr
Shoals:1 Louise
Abyss:4 1 runed translucent door


Innate Abilities, Weirdness & Mutations

You are immune to sickness and miasma.
Your stone body is resilient. (AC +11)
You are immune to poison.
Your large and strong wings let you fly.
You resist negative energy. (rN+)
You are resistant to electric shocks. (rElec)
You are resistant to unholy torment.
You are immune to petrification.
You possess an exceptional clarity of mind.
You are strong-willed. (Will+)
You have hidden genetic potential.
[You have an uncontrollable temper.]
[You are very clumsy. (Dex -4)]
[Your body often deteriorates upon taking damage.]
[You are extremely frail. (-30% HP)]
[Your magical capacity is low. (-10% MP)]
[You frequently scream uncontrollably at your foes.]
[((You are often teleported next to monsters.))]
[You are very weak. (Str -4)]
[You are very vulnerable to heat. (rF--)]
[You sometimes lose the ability to drink potions when taking damage.]
[Your health recovers twice as slowly from being drained.]


Message History

The bone dragon bites you but does no damage.
The bone dragon claws you but does no damage.
The bone dragon tramples you but does no damage.
Unknown command.
As you read the scroll of teleportation, it crumbles to dust.
You feel strangely unstable.
You feel the power of the Abyss delaying your translocation!
The wretched star pulses with an eldritch light!
You feel weirdly uncertain.
You feel even more weirdly uncertain. You block the bone dragon's attack.
The bone dragon claws you but does no damage.
The bone dragon barely misses you.
You puncture the starcursed mass!
You destroy the starcursed mass!
The bone dragon bites you. You block the bone dragon's attack.
The bone dragon tramples you!
* * * LOW HITPOINT WARNING * * *
Unknown command.
Blink to where?
Press: ? - help, Dir - move target, p - thrashing horror
As you read the scroll of blinking, it crumbles to dust.
A chorus of shrieks assaults your mind.
* * * LOW HITPOINT WARNING * * *
Found 35 gold pieces.
A sixfirhy comes into view.
Found a condenser vane, 24 gold pieces and a dyed leather armour.
The wretched star pulses with an eldritch light!
You begin to recover more slowly from draining effects.
You block the sixfirhy's attack.
Unknown command.
A dread lich comes into view.
You scream at the dread lich!
The dread lich shouts!
You hear a horrible gurgling sound! x3
You hear a chilling moan. x2; You hear an angry hiss.
You block the sixfirhy's attack. The sixfirhy hits you.
* * * LOW HITPOINT WARNING * * *
The sixfirhy shocks you. You resist.
* * * LOW HITPOINT WARNING * * *
You slip backwards!
The sixfirhy hits you!
You die...

....... .......
... ....... .....
...... .....
....## ##......
..... ...
.......+###..###..
.... .
.......@.#.....
........
...#.$#3$'..# ....
. ... .#.+.'..'##
..#.###X#X
#..#}....# #
..#....#
X#..#.[#..# # .
...


XXX #.+####'## ......#)#XX#. +. L .....#XX *#.X*.# .. ## ##X###D#.#.. #. You
could see a starcursed mass, a dread lich and a sixfirhy.

Vanquished Creatures
  Mlioglotl (Shoals:1)
  A lich (Abyss:4)
  4 tentacled starspawn
  Aizul (Lair:2)
  Donald (Orc:2)
  The ghost of Murgh the Cleaver, a journeyman MiBe of Trog (Lair:4)
  The ghost of jimmypageman the Fencer, a journeyman MiFi of Okawaru (Lair:2)
  2 green deaths (Abyss:4)
  2 catoblepae
  A hydra (Lair:5)
  2 ogre magi (Orc:2)
  9 two-headed ogres
  An anaconda (Lair:5)
  A dancing weapon (Abyss:4)
  A boulder beetle (Lair:2)
  6 death yaks (Lair:5)
  A deep troll shaman (Lair:5)
  A holy swine (Abyss:4)
  A skyshark (Lair:3)
  2 wretched stars (Abyss:4)
  A sixfirhy (Abyss:4)
  2 deep trolls (Orc:2)
  A harpy (Lair:2)
  A large abomination (Abyss:4)
  An orc knight (Orc:2)
  3 orc sorcerers
  2 cyclopes (Orc:2)
  Maurice (D:8)
  A salamander (Lair:3)
  6 elephants (Lair:5)
  5 smoke demons
  2 apocalypse crabs
  A kobold blastminer (Orc:1)
  A torpor snail (Lair:5)
  2 orange demons (Abyss:4)
  10 cane toads
  Maggie (D:8)
  An efreet (Abyss:4)
  6 komodo dragons
  2 rime drakes
  9 trolls
  3 polar bears
  9 hornets
  2 ancient zymes
  5 raiju (Abyss:4)
  4 dream sheep (Lair:1)
  27 blink frogs
  10 wyverns
  57 yaks
  2 wargs (Orc:1)
  4 neqoxecs
  6 steam dragons
  2 basilisks (Lair:1)
  3 nagas (Lair:3)
  2 small abominations (Abyss:3)
  An acid dragon (D:8)
  21 water moccasins
  20 orc warriors
  A sky beast (D:7)
  4 black bears
  5 ice beasts
  3 centaurs
  19 ogres
  17 wolves
  6 weeping skulls (Abyss:4)
  2 kobold brigands (D:6)
  10 bullfrogs
  2 scorpions (D:5)
  A gnoll sergeant (D:9)
  8 wights
  26 killer bees
  4 howler monkeys
  An electric eel (Lair:2)
  2 bombardier beetles
  2 lava snakes (D:9)
  11 orc priests
  A quasit (Abyss:3)
  2 hounds
  An iron imp (Abyss:4)
  6 jellies
  3 gnoll boudas
  12 starcursed masses (Abyss:4)
  An iguana (D:6)
  19 orc wizards
  15 gnolls
  6 adders
  2 shadow imps
  2 ufetubi (Abyss:4)
  4 dart slugs
  A ribbon worm (D:3)
  55 orcs
  3 endoplasms
  A giant cockroach (D:1)
  5 hobgoblins
  9 jackals
  4 quokkas
  13 ball pythons
  5 bats
  4 frilled lizards
  10 goblins
  23 kobolds
  7 rats
  A starspawn tentacle (Abyss:3)
616 creatures vanquished.

Vanquished Creatures (collateral kills)
  Saint Roka (Orc:1)
1 creature vanquished.

Vanquished Creatures (others)
  A thrashing horror (Abyss:4)
  A wretched star (Abyss:4)
  A raiju (Abyss:4)
  A water moccasin (D:8)
  A gnoll (D:9)
  An orc (Orc:2)
  8 starspawn tentacles
14 creatures vanquished.

Grand Total: 631 creatures vanquished

Notes
Turn   | Place    | Note
-------+----------+-------------------------------------------
     0 | D:1      | Gadfly the Gargoyle Fighter began the quest for the Orb.
     0 | D:1      | Reached XP level 1. HP: 14/14 MP: 1/1
   142 | D:1      | Reached XP level 2. HP: 19/19 MP: 2/2
   262 | D:1      | Reached skill level 1 in Invocations
   461 | D:1      | Reached XP level 3. HP: 23/23 MP: 3/3
   540 | D:1      | Reached skill level 1 in Evocations
  1127 | D:2      | Reached XP level 4. HP: 16/28 MP: 5/5
  1437 | D:3      | Found a glowing silver altar of Zin.
  1441 | D:3      | Found a bloodstained altar of Trog.
  1508 | D:3      | Reached skill level 2 in Invocations
  1572 | D:3      | Became a worshipper of Zin the Law-Giver
  1642 | D:3      | Found Sowames's Armour Emporium.
  1868 | D:3      | Reached XP level 5. HP: 32/32 MP: 6/6
  2035 | D:3      | Reached * piety under Zin
  2227 | D:4      | Found a sparkling altar of Nemelex Xobeh.
  2380 | D:4      | Noticed a black bear
  2395 | D:4      | Killed a black bear
  2396 | D:4      | Reached XP level 6. HP: 7/38 MP: 6/8
  2537 | D:4      | Reached ** piety under Zin
  2651 | D:4      | Identified a scroll of acquirement
  2651 | D:4      | Acquired the +2 pair of slick slippers {slick, slippery,
                  | EV+4}
  2651 | D:4      | Found the +2 pair of slick slippers {slick, slippery, EV+4}
  2669 | D:5      | Entered Level 5 of the Dungeon
  2728 | D:5      | Reached skill level 3 in Invocations
  2778 | D:5      | Noticed a black bear
  2787 | D:5      | Killed a black bear
  2788 | D:5      | Reached XP level 7. HP: 30/43 MP: 9/9
  2931 | D:5      | Found Bokkoim's Jewellery Shoppe.
  3108 | D:5      | Reached skill level 4 in Invocations
  3185 | D:5      | Reached *** piety under Zin
  3205 | D:5      | HP: 2/44 [scorpion (4)]
  3415 | D:5      | Found a snail-covered altar of Cheibriados.
  3664 | D:5      | Reached XP level 8. HP: 46/48 MP: 11/11
  3910 | D:6      | Reached skill level 5 in Invocations
  3953 | D:6      | Reached skill level 5 in Maces & Flails
  3956 | D:6      | Reached skill level 5 in Fighting
  4174 | D:6      | Found Pisooham's Antique Armour Shop.
  4303 | D:6      | Bought a pair of spiked gloves for 266 gold pieces
  4303 | D:6      | Identified the +2 pair of gloves of the Gravedigger {Regen+
                  | rCorr Int-4 SInv} (You bought it in a shop on level 6 of
                  | the Dungeon)
  4389 | D:6      | Reached skill level 5 in Shields
  4426 | D:6      | Reached skill level 5 in Armour
  4427 | D:6      | Found a staircase to the Ecumenical Temple.
  4481 | Temple   | Entered the Ecumenical Temple
  4677 | D:7      | Noticed a wyvern
  4684 | D:7      | Killed a wyvern
  4685 | D:7      | Reached XP level 9. HP: 54/54 MP: 13/13
  4903 | D:7      | Reached skill level 6 in Invocations
  4903 | D:7      | Reached skill level 5 in Evocations
  4954 | D:7      | Reached **** piety under Zin
  5641 | D:8      | Noticed a hornet
  5659 | D:8      | Killed a hornet
  5675 | D:8      | Reached skill level 7 in Invocations
  5688 | D:8      | Reached XP level 10. HP: 41/60 MP: 15/15
  5811 | D:8      | Found a staircase to the Lair.
  6061 | D:8      | Noticed Maggie
  6076 | D:8      | Killed Maggie
  6296 | D:8      | Reached skill level 8 in Invocations
  6317 | D:8      | Noticed Maurice
  6329 | D:8      | Found a sacrificial altar of Ru.
  6332 | D:8      | Maurice stole a +5 ring of evasion
  6333 | D:8      | Killed Maurice
  6366 | D:8      | Found a shimmering blue altar of Sif Muna.
  6525 | D:9      | Found a shadowy altar of Dithmenos.
  6532 | D:9      | Found a white marble altar of Elyvilon.
  6604 | D:9      | Found a radiant altar of Vehumet.
  6624 | D:9      | Found a hazy altar of Hepliaklqana.
  6686 | D:9      | Found a hide-covered altar of Uskayaw.
  6741 | D:9      | Reached XP level 11. HP: 67/67 MP: 17/17
  6753 | D:9      | Found an iron altar of Okawaru.
  6761 | D:9      | Found a glowing golden altar of the Shining One.
  6791 | D:9      | Fell from the grace of Zin
  6791 | D:9      | Became a worshipper of the Shining One
  6791 | D:9      | Reached * piety under the Shining One
  6791 | D:9      | Reached ** piety under the Shining One
  6893 | D:9      | Found an ancient bone altar of Kikubaaqudgha.
  6904 | D:9      | Found a staircase to the Orcish Mines.
  6913 | D:9      | Found Diesk's Weapon Shoppe.
  7115 | D:9      | Noticed a two-headed ogre
  7121 | D:9      | Killed a two-headed ogre
  7296 | Lair:1   | Entered Level 1 of the Lair of Beasts
  7341 | Lair:1   | Reached skill level 9 in Invocations
  7747 | Lair:1   | Reached *** piety under the Shining One
  8021 | Lair:2   | Found a large runed translucent door.
  8021 | Lair:2   | Found a large runed translucent door.
  8047 | Lair:2   | Reached XP level 12. HP: 73/73 MP: 19/19
  8430 | Lair:2   | Found a staircase to the Shoals.
  8449 | Lair:2   | Reached skill level 10 in Invocations
  8568 | Lair:2   | Noticed a boulder beetle
  8578 | Lair:2   | Killed a boulder beetle
  8725 | Lair:2   | Noticed jimmypageman's ghost (journeyman MiFi)
  9117 | Lair:3   | Noticed a skyshark
  9129 | Lair:3   | Killed a skyshark
  9393 | Lair:3   | Reached skill level 10 in Maces & Flails
  9508 | Lair:3   | Found a staircase to the Snake Pit.
 10172 | Lair:4   | Reached skill level 11 in Invocations
 10222 | Lair:4   | Found a runed translucent gate.
 10222 | Lair:4   | Found a runed translucent gate.
 10222 | Lair:4   | Found a runed translucent gate.
 10249 | Lair:4   | Got Saramom's Writings on Malisons
 10266 | Lair:4   | Noticed a catoblepas
 10279 | Lair:4   | Killed a catoblepas
 10280 | Lair:4   | Reached XP level 13. HP: 80/80 MP: 21/21
 10622 | Lair:4   | Found a staircase to the Slime Pits.
 10949 | Lair:4   | Noticed Murgh's ghost (journeyman MiBe)
 11067 | Lair:2   | Killed jimmypageman's ghost
 11241 | Lair:4   | Killed Murgh's ghost
 11527 | Lair:5   | Entered Level 5 of the Lair of Beasts
 11679 | Lair:5   | Noticed Zeo's ghost (journeyman KoBr)
 11717 | Lair:5   | Reached **** piety under the Shining One
 11719 | Lair:5   | Reached skill level 10 in Evocations
 11871 | Lair:5   | Reached skill level 12 in Invocations
 12177 | Lair:5   | Found a transporter.
 12206 | Lair:5   | Found a transporter.
 12313 | Lair:5   | Gained mutation: Your large and strong wings let you fly.
                  | [Gargoyle growth]
 12313 | Lair:5   | Reached XP level 14. HP: 87/87 MP: 23/23
 12447 | Lair:5   | Reached skill level 10 in Fighting
 12569 | Lair:5   | Identified the +1 dagger of Jalych {flame, rPois rCorr
                  | Int-2}
 12571 | Lair:5   | Got Xamegiyv's Writings on the Tesseract
 12589 | Lair:5   | Learned a level 2 spell: Blink
 13496 | Orc:1    | Entered Level 1 of the Orcish Mines
 13651 | Orc:2    | Entered Level 2 of the Orcish Mines
 13657 | Orc:2    | Noticed Saint Roka
 13722 | Orc:1    | Found Basiv's Jewellery Emporium.
 13747 | Orc:1    | Reached ***** piety under the Shining One
 14105 | Orc:1    | Killed Saint Roka
 14106 | Orc:1    | Reached skill level 13 in Invocations
 14269 | Orc:2    | Noticed Donald
 14279 | Orc:2    | Killed Donald
 14311 | Orc:2    | Found a staircase to the Elven Halls.
 14424 | Orc:2    | Reached skill level 10 in Shields
 14440 | Orc:2    | Reached skill level 10 in Armour
 14558 | Orc:2    | Reached XP level 15. HP: 77/93 MP: 25/25
 14638 | Orc:2    | Found Todat's Weapon Emporium.
 14639 | Orc:2    | Found Tamafo's Distillery.
 14646 | Orc:2    | Found Adeill's Antique Weapon Boutique.
 14660 | Orc:2    | Bought a potion of lignification for 42 gold pieces
 14662 | Orc:2    | Found Rotanwev's Book Emporium.
 15125 | Orc:2    | Gained mutation: You are partially covered in iridescent
                  | scales. (AC +2) [potion of mutation]
 15126 | Orc:2    | Lost mutation: You are partially covered in iridescent
                  | scales. (AC +2) [potion of mutation]
 15126 | Orc:2    | Gained mutation: You have hidden genetic potential. [potion
                  | of mutation]
 15126 | Orc:2    | Gained mutation: You possess an exceptional clarity of
                  | mind. [potion of mutation]
 15514 | Shoals:1 | Entered Level 1 of the Shoals
 15514 | Shoals:1 | Identified the serpent talisman of Liberalism {Str+4 Int+4}
 15514 | Shoals:1 | Noticed Aizul
 15514 | Shoals:1 | Noticed Louise
 15530 | Lair:2   | Killed Aizul
 15542 | Shoals:1 | Noticed Mlioglotl
 15561 | Shoals:1 | Killed Mlioglotl
 15561 | Abyss:3  | Cast into level 3 of the Abyss (Louise)
 15576 | Abyss:3  | Noticed a tentacled starspawn
 15583 | Abyss:3  | Killed a tentacled starspawn
 15616 | Abyss:3  | Noticed a tentacled starspawn
 15626 | Abyss:3  | Killed a tentacled starspawn
 15693 | Abyss:3  | Noticed a tentacled starspawn
 15708 | Abyss:3  | Killed a tentacled starspawn
 15774 | Abyss:3  | Found a corrupted altar of Lugonu.
 15830 | Abyss:4  | Gained mutation: You are strong-willed. (Will+) [a neqoxec]
 15907 | Abyss:4  | Noticed a lich
 15923 | Abyss:4  | Killed a lich
 15924 | Abyss:4  | Reached skill level 14 in Invocations
 15940 | Abyss:4  | Gained mutation: [You occasionally shout uncontrollably at
                  | your foes.] [a neqoxec]
 15951 | Abyss:4  | Reached ****** piety under the Shining One
 15954 | Abyss:4  | Noticed a profane servitor
 15967 | Abyss:4  | Paralysed by accursed screaming for 1 turns
 15975 | Abyss:4  | Paralysed by accursed screaming for 1 turns
 16091 | Abyss:4  | Noticed a tentacled starspawn
 16102 | Abyss:4  | Killed a tentacled starspawn
 16229 | Abyss:4  | Paralysed by accursed screaming for 1 turns
 16281 | Abyss:4  | Found a corrupted altar of Lugonu.
 16283 | Abyss:4  | Noticed a purple draconian shifter
 16319 | Abyss:4  | Noticed a daeva
 16319 | Abyss:4  | Noticed an angel
 16409 | Abyss:4  | Noticed a bone dragon
 16430 | Abyss:4  | Found a runed translucent door.
 16438 | Abyss:4  | Noticed a dread lich
 16438 | Abyss:4  | Slain by a sixfirhy

Illustrated notes

Levels and vault maps discovered:
D:1:      lemuel_arrival_broad_hall, layout_loops_ring, corexii_leaking_fountain
D:2:      layout_rooms
D:3:      layout_loops_cross, lemuel_tele_altar, lightli_temple_of_fire,
          serial_shops, shop
D:4:      layout_rooms, nemelex_spade_bored_becter, grunt_ministairs_12,
          grunt_decor_mini_mirrors
D:5:      layout_loops_cross, lemuel_crystal_altar, serial_bayou,
          serial_bayou_shore_a, serial_bayou_pond_c, serial_bayou_pond_d,
          serial_bayou_pond_d, mrwooster_statue_mirror, minmay_shop_grid_forest,
          amcnicky_mini_corridor_feature, corexii_hall_statues_i
D:6:      layout_cave_pools, minmay_temple_entry_wispy, serial_shops, shop
D:7:      layout_basic, amcnicky_mini_rare_corridor_liquid
D:8:      layout_loops_cross, nicolae_sif_muna_little_library,
          mainiacjoe_overflow_boulevard, erik_lair_orcish_takeover,
          eino_small_chamber_without_monster, grunt_ministairs_1, uniq_maggie,
          uniq_maurice
D:9:      layout_irregular_city, fiery_altar_vehumet, tso_metal_star,
          mainiacjoe_overflow_surrounded_room,
          mainiacjoe_overflow_catch_the_wave,
          mainiacjoe_overflow_large_starburst, mainiacjoe_overflow_brackets,
          orc_david_3, eino_small_chamber_without_monster
Temple:   hellmonk_temple_beads
Lair:1:   layout_big_grid
Lair:2:   layout_cave_pods, mainiacjoe_shoals_entry_four_pools,
          ebering_ghost_disaster_area
Lair:3:   layout_regular_city, alex1729_snake_entry_snake, minivault_11,
          serial_bayou_shore_b, grunt_megastairs_1
Lair:4:   layout_cave_pods, slime_entry_2, ebering_ghost_rock_garden,
          lemuel_fruit_fields
Lair:5:   grunt_lair_end_beastmaster, layout_layer_cave,
          gammafunk_ghost_abyssal_escape
Shoals:1: layout_shoals, uniq_aizul, uniq_louise, uniq_mlioglotl
Orc:1:    layout_diamond_mine, serial_shops, shop
Orc:2:    st_orc_open, layout_caves, dreamdust_deal_with_the_devil,
          nicolae_orc_crystal_geode, uniq_saint_roka, uniq_donald
Abyss:4:  base: Snake:2, hangedman_decor_points, hangedman_decor_points,
          hangedman_abyss_or_decor_jellyfish_corner, hangedman_abyss_sting,
          patterned_corridor, skrybe_abyss_rune_heretic_angels, minivault_13

Skill      XL: |  1  2  3  4  5  6  7  8  9 10 11 12 13 14 15 |
---------------+----------------------------------------------+-----
Invocations    | 1 2 3 4 5 7 8 9 11 12 13 14 | 14.4
Evocations     | 1 2 3 4 5 7 8 9 10 11 12 | 12.2
Maces & Flails | 3 4 5 6 7 9 10 11 12 13 | 13.3
Fighting       | 4 5 6 7 8 9 10 11 | 11.2
Armour         | 4 5 6 7 8 9 10 | 10.8
Shields        | 4 5 6 7 8 9 10 | 10.8

Action                     |  1- 3 |  4- 6 |  7- 9 | 10-12 | 13-15 || total
---------------------------+-------+-------+-------+-------+-------++-------
  Melee: Flail             |   164 |   152 |   367 |       |   193 ||   876
         Morningstar       |       |       |    45 |   573 |  1074 ||  1692
 Invoke: Recite            |       |       |     1 |       |       ||     1
  Evoke: Wand              |       |       |       |       |    13 ||    13
    Use: Scroll            |     6 |     5 |     5 |     9 |     9 ||    34
         Potion            |       |       |     3 |       |     5 ||     8
 Armour: Scale mail        |   171 |    98 |       |       |       ||   269
         Chain mail        |       |    19 |   336 |    32 |       ||   387
         Plate armour      |       |       |       |   514 |  1036 ||  1550
  Dodge: Dodged            |    95 |   140 |   493 |   411 |   588 ||  1727
  Block: Buckler           |    47 |    45 |   170 |   203 |   200 ||   665
         Kite shield       |       |       |       |       |   372 ||   372
